 Dungeon Crawl Stone Soup version 0.31-a0-214-gb37851dbb3 (webtiles) character file.

Game seed: 16181037731670006485

44 qw the Shooter (level 3, -3/29 HPs)
             Began as a Minotaur Hexslinger on July 1, 2023.
             Killed from afar by Natasha (5 damage)
             ... with a magic dart
             ... on level 2 of the Dungeon.
             The game lasted 00:00:21 (723 turns).

qw the Shooter (Minotaur Hexslinger)                 Turns: 723, Time: 00:00:22

Health: -3/29      AC:  2    Str: 12    XL:     3   Next: 39%
Magic:  3/3        EV: 12    Int: 10    God:
Gold:   57         SH:  0    Dex: 14    Spells: 3/4 levels left

rFire   . . .        Y - +1 sling
rCold   . . .        (no shield)
rNeg    + . .        c - +0 robe
rPois   .            (helmet restricted)
rElec   .            (no cloak)
rCorr   .            (no gloves)
SInv    .            (no boots)
Will    .....        (no amulet)
Stlth   +            i - ring of positive energy
HPRegen 0.24/turn    (no ring)
MPRegen 0.08/turn

%: no passive effects
@: slowed, very slow
A: horns 2, retaliatory headbutt
a: no special abilities


You were on level 2 of the Dungeon.
You visited 1 branch of the dungeon, and saw 2 of its levels.

You collected 57 gold pieces.


Innate Abilities, Weirdness & Mutations

You have a pair of horns on your head.
You reflexively headbutt those who attack you in melee.


   Skills:
 - Level 2.0 Fighting
 + Level 4.0 Ranged Weapons
 - Level 2.1 Dodging
 - Level 1.0 Spellcasting
 - Level 2.0 Hexes


You had 3 spell levels left.
You knew the following spells:

 Your Spells              Type           Power      Damage    Failure   Level
a - Slow                  Hex            16%        N/A       16%         1

Your spell library contained the following spells:

 Spells                   Type           Power      Damage    Failure   Level
 Inner Flame              Hex/Fire       2%         N/A       56%         3
 Portal Projectile        Hex/Tloc       4%         N/A       56%         3
 Cause Fear               Hex            2%         N/A       83%         4

Inventory:

Hand Weapons
 Y - a +1 sling (weapon)
Armour
 c - a +0 robe (worn)
Jewellery
 i - a ring of positive energy (left hand)
Potions
 d - a potion of lignification {unknown}
 e - a potion of haste {unknown}
 h - a potion of heal wounds {unknown}

Dungeon Overview and Level Annotations

Branches:
Dungeon (2/15)

Altars:

Annotations:
D:2 Natasha


Message History

Natasha casts a spell at you. The magic dart hits you. Natasha claws you.
Your Ranged Weapons skill increases to level 4!
You shoot a sling bullet.
The sling bullet closely misses Natasha.
The sling bullet closely misses the rat.
The sling bullet hits the endoplasm.
The endoplasm is moderately wounded.
Natasha stares at you and mumbles some strange words.
You feel yourself slow down.
You shoot a sling bullet.
The sling bullet closely misses Natasha.
The sling bullet hits the rat but does no damage.
Natasha claws you. Natasha closely misses you.
You shoot a sling bullet.
The sling bullet hits Natasha but does no damage.
Natasha is heavily wounded.
Natasha casts a spell.
You shoot a sling bullet. The sling bullet barely misses Natasha.
The sling bullet hits the rat.
You kill the rat!
Natasha casts a spell.
The orc priest calls upon Beogh to heal the orc.
The orc is healed somewhat.
Natasha casts a spell at you. The magic dart hits you.
You shoot a sling bullet. The sling bullet hits Natasha.
Natasha is almost dead.
Natasha claws you but does no damage.
The orc priest looks satisfied for a moment.
Natasha barely misses you.
You shoot a sling bullet.
The sling bullet closely misses Natasha.
The sling bullet barely misses the orc.
The sling bullet barely misses the endoplasm.
Natasha casts a spell at you. The magic dart hits you!
Natasha casts a spell at you. The magic dart hits you.
You die... #..........## ........).. .......?. ....... 5.J.. ooo

#h# #@#
#.# #.#
#.# #.#
#.######
#.##...#
#.##...#
#.##...#


You could see an orc priest, Natasha, a cerulean imp (summoned), 2 orcs and an
endoplasm.

Vanquished Creatures
  A worm (D:2)
  2 orcs (D:2)
  2 endoplasms (D:1)
  A giant cockroach (D:2)
  3 goblins (D:1)
  A hobgoblin (D:1)
  5 jackals
  4 kobolds (D:1)
  2 quokkas
  7 ball pythons
  4 bats
  3 rats
35 creatures vanquished.

Notes
Turn   | Place    | Note
-------+----------+-------------------------------------------
     0 | D:1      | qw the Minotaur Hexslinger began the quest for the Orb.
     0 | D:1      | Reached XP level 1. HP: 16/16 MP: 1/1
     0 | D:1      | 0 ||| qw: Version: 0.3-a-32-g5962c71
     0 | D:1      | 0 ||| qw: Game counter: 7667
     0 | D:1      | 0 ||| qw: Melee chars always use a shield: true
     0 | D:1      | 0 ||| qw: God list: Okawaru
     0 | D:1      | 0 ||| qw: Allow faded altars: false
     0 | D:1      | 0 ||| qw: Do Orc after clearing Dungeon:15 true
     0 | D:1      | 0 ||| qw: Do second Lair branch before Depths: true
     0 | D:1      | 0 ||| qw: Lair rune preference: random
     0 | D:1      | 0 ||| qw: Goals: Normal
     0 | D:1      | 0 ||| PLANNING D:1-11
   162 | D:1      | Reached skill level 3 in Ranged Weapons
   162 | D:1      | Reached XP level 2. HP: 23/23 MP: 2/2
   290 | D:1      | Found a faded altar of an unknown god.
   606 | D:1      | 606 ||| UPGRADING to ring of positive energy.
   607 | D:1      | 607 ||| READING scroll labelled OCOAFR NUIVEBA.
   608 | D:1      | 608 ||| READING scroll labelled ARABAO MOLAERINOEX.
   609 | D:1      | 609 ||| DROPPING scroll of poison.
   650 | D:2      | Reached XP level 3. HP: 29/29 MP: 3/3
   712 | D:2      | Noticed Natasha
   718 | D:2      | Reached skill level 4 in Ranged Weapons
   723 | D:2      | HP: 2/29 [Natasha/magic dart (11)]
   723 | D:2      | Killed from afar by Natasha

Levels and vault maps discovered:
D:1:      dpeg_arrival_rhombi, layout_loops_cross,
          hellmonk_ecumenical_altar_lost_god, minmay_tetromino_s4
D:2:      layout_basic, uniq_natasha

Skill      XL: |  1  2  3 |
---------------+----------+-----
Ranged Weapons | 3 4 |  4.0
Fighting       | 2 |  2.0
Dodging        | |  2.1
Spellcasting   | |  1.0
Hexes          | |  2.0

Action                     || total
---------------------------++-------
   Fire: Sling             ||    98
    Use: Scroll            ||     2
 Armour: Robe              ||     7
  Dodge: Dodged            ||    38

Table legend:
 A = Non-vault XP
 B = Vault XP
 C = Vault XP percentage of total XP
 D = Non-vault monster count
 E = Vault monster count
 F = Vault count percentage of total count
                 A         B        C        D         E       F
            +---------+---------+-------+---------+---------+-------
      Total |      61 |       2 |   3.2 |      34 |       1 |   2.9
            +---------+---------+-------+---------+---------+-------
        D:1 |      35 |       2 |   5.4 |      22 |       1 |   4.3
        D:2 |      26 |       0 |   0.0 |      12 |       0 |   0.0
            +---------+---------+-------+---------+---------+-------
